 Dungeon Crawl Stone Soup version 0.19-a0-1238-gee6bd96 (webtiles) character file.

41364 Ryco the Severer (level 13, -5/126 HPs)
             Began as a Minotaur Berserker on Aug 25, 2016.
             Was a High Priest of Trog.
             Slain by a six-headed hydra (10 damage)
             ... on level 3 of the Lair of Beasts on Aug 26, 2016.
             The game lasted 00:44:23 (6170 turns).

Ryco the Severer (Minotaur Berserker)               Turns: 6170, Time: 00:44:24

Health: -5/126     AC: 23    Str: 27    XL:     13   Next: 79%
Magic:  12/12      EV:  9    Int:  4    God:    Trog [*****.]
Gold:   751        SH:  2    Dex: 14    Spells: 0 memorised, 12 levels left

rFire  + . .     SeeInvis +     w - +2 flail (crush)
rCold  . . .     Gourm    .     o - +0 plate armour
rNeg   . . .     Faith    .     (no shield)
rPois  +         Spirit   .     M - +2 hat {SInv}
rElec  .         Dismiss  .     v - +0 cloak
rCorr  .         Reflect  +     (no gloves)
MR     .....     Harm     .     m - +2 pair of boots
Stlth  ..........               H - +2 amulet of reflection
                                P - ring of protection from fire
                                G - ring of poison resistance

@: studying Fighting, drained
A: retaliatory headbutt, horns 2, agile 2, blurry vision 1, sense surroundings
1, sturdy frame 1
a: Berserk, Trog's Hand, Brothers in Arms, Burn Spellbooks, Renounce Religion


You were on level 3 of the Lair of Beasts.
You worshipped Trog.
Trog was extremely pleased with you.
You were not hungry.

You visited 2 branches of the dungeon, and saw 16 of its levels.

You collected 991 gold pieces.
You spent 240 gold pieces at shops.

Inventory:

Hand Weapons
 a - the +10 war axe of Righteous Fury {freeze, Stlth+}
   (You bought it in a shop on level 5 of the Dungeon)

   It has been specially enchanted to freeze those struck by it, causing extra
   injury to most foes and up to half again as much damage against particularly
   susceptible opponents.
   It can also slow down cold-blooded creatures.
   It makes you more stealthy.
 n - a cursed +0 battleaxe of freezing
 w - a +2 flail of crushing (weapon)
Missiles
 y - 3 curare-tipped needles
 A - 3 tomahawks (quivered)
 Q - a throwing net
Armour
 m - a +2 pair of boots (worn)
 o - a +0 plate armour (worn)
 r - a +3 ring mail
 v - a +0 cloak (worn)
 M - a +2 hat of see invisible (worn)
Jewellery
 G - a ring of poison resistance (left hand)
 H - a +2 amulet of reflection (around neck)
 P - a ring of protection from fire (right hand)
Wands
 l - a wand of disintegration (10/24)
 t - a wand of digging (8/24)
 W - a wand of slowing (14/48)
Scrolls
 e - 6 scrolls of remove curse
 g - 4 scrolls of blinking {unknown}
 h - 4 scrolls of teleportation
 D - 2 scrolls of magic mapping {unknown}
 F - 2 scrolls of immolation {unknown}
 J - 3 scrolls of recharging {unknown}
Potions
 b - 5 potions of haste
 d - 2 potions of resistance
 f - 2 potions of might
 i - 3 potions of agility
 k - a potion of magic
 q - 2 potions of invisibility
 s - 5 potions of curing {unknown}
 x - a potion of heal wounds {unknown}
 B - a potion of cancellation {unknown}
 C - 2 potions of lignification {unknown}
 E - 3 potions of brilliance {unknown}
 L - 3 potions of degeneration {unknown}
Books
 p - a book of Burglary

   Spells                             Type                      Level
   a - Swiftness                      Charms/Air                   2
   b - Passwall                       Transmutation/Earth          2
   c - Passage of Golubria            Translocation                4
   d - Lee's Rapid Deconstruction     Earth                        5
   e - Darkness                       Hexes                        6
   f - Invisibility                   Hexes                        6
   Trog disapproves of the use of such an item.
 z - a book of Dreams

   Spells                             Type                      Level
   a - Ensorcelled Hibernation        Hexes/Ice                    2
   b - Silence                        Hexes/Air                    5
   c - Darkness                       Hexes                        6
   d - Shadow Creatures               Summoning                    6
   Trog disapproves of the use of such an item.
 R - a manual of Fighting
 T - a book of Summonings

   Spells                             Type                      Level
   a - Recall                         Summoning/Translocation      3
   b - Aura of Abjuration             Summoning                    5
   c - Summon Demon                   Summoning                    5
   d - Summon Forest                  Summoning/Translocation      5
   e - Summon Mana Viper              Hexes/Summoning              5
   f - Shadow Creatures               Summoning                    6
   Trog disapproves of the use of such an item.
 X - a book of the Dragon

   Spells                             Type                      Level
   a - Flame Tongue                   Conjuration/Fire             1
   b - Cause Fear                     Hexes                        4
   c - Bolt of Fire                   Conjuration/Fire             6
   d - Dragon Form                    Transmutation                7
   e - Dragon's Call                  Summoning                    9
   Trog disapproves of the use of such an item.
Comestibles
 c - 9 bread rations
 j - 11 fruits
 u - 3 meat rations


   Skills:
 + Level 15.0(14.6) Fighting
 + Level 19.3(18.9) Axes
 - Level 2.0(12.8) Maces & Flails
 + Level 0.4(0.1) Throwing
 + Level 13.6(13.2) Armour
 - Level 2.1(1.9) Dodging


You had 12 spell levels left.
You didn't know any spells.

Dungeon Overview and Level Annotations

Branches:
Dungeon (10/15)            Temple (0/1) D:6            Lair (6/6) D:10
 Shoals (0/4) Lair:3        Snake (0/4) Lair:3
  Slime: Lair:5-6       Orc: D:9-12

Altars:
Ashenzari
Fedhas
Gozag
Makhleb
Okawaru
Qazlal
Ru
Trog
Uskayaw
Yredelemnul

Shops:
D:5 (*!?

Portals:
Hell: Lair:6


Innate Abilities, Weirdness & Mutations

You reflexively headbutt those who attack you in melee.
You have a pair of horns on your head.
You are very agile. (Dex +4)
Scrolls take you a little longer to read.
You passively map a small area around you.
Your movements are slightly less encumbered by armour. (ER -2)


Message History

The six-headed hydra bites you.
The six-headed hydra closely misses you.
The six-headed hydra bites you!
* * * LOW HITPOINT WARNING * * *
You bludgeon the six-headed hydra!!
The six-headed hydra is severely wounded.
The griffon bites you.
* * * LOW HITPOINT WARNING * * *
The griffon pecks you.
* * * LOW HITPOINT WARNING * * *
The griffon claws you.
* * * LOW HITPOINT WARNING * * *
The six-headed hydra barely misses you.
The six-headed hydra closely misses you.
The six-headed hydra bites you!
* * * LOW HITPOINT WARNING * * *
The six-headed hydra barely misses you. The six-headed hydra bites you!
* * * LOW HITPOINT WARNING * * *
The six-headed hydra bites you!
You die...

♣♣♣.♣♣PP#..# #### #..#
≈P♣.(≈P≈#..# #.##
.♣≈.≈♣≈##.## * .P#
###.#####+.## *..#
###.#....††.## ####'.#
.............####†.....##
#....#....†.###..+.....P#
#..#........##...H.....#
...###......#...@DH....#
,* ..##
#.........###H....# , ,
.## #........##
#........,, ## #........#
#......>. , #......P.#
#........ #......###
#.....##P ###.####
##..#.# ### #####


You could see a six-headed hydra, a griffon, a manticore and a hippogriff.

Vanquished Creatures
  Gastronok (Lair:1)
  6 hydras
  A hell beast (Lair:6)
  11 death yaks
  A lindwurm (Lair:6)
  A wizard (Lair:6)
  9 elephants
  2 griffons
  Joseph (D:7)
  3 orange demons (Lair:6)
  A black mamba (Lair:6)
  6 spiny frogs
  2 rime drakes (Lair:6)
  4 ice devils (Lair:6)
  A hellwing (Lair:6)
  3 komodo dragons
  2 red devils (Lair:6)
  A polar bear (Lair:6)
  A troll (D:10)
  A two-headed ogre (D:8)
  20 blink frogs
  A wyvern (Lair:3)
  Eustachio (D:4)
  A basilisk (Lair:2)
  Grum (D:9)
  5 hippogriffs
  A vampire mosquito (D:10)
  36 yaks
  3 nagas (Lair:3)
  9 water moccasins
  14 porcupines
  An orc warrior (D:7)
  2 phantoms
  A sky beast (D:10)
  10 wolves
  An ogre (D:4)
  4 crocodiles
  5 giant frogs
  A water moccasin zombie (D:10)
  A wyvern skeleton (D:9)
  7 wights
  A howler monkey (D:5)
  2 electric eels (Lair:3)
  3 crimson imps
  A quasit (D:6)
  A centaur zombie (D:9)
  2 giant frog zombies
  6 orc priests
  2 hounds
  4 iguanas
  3 orc wizards
  12 hell rats
  7 worker ants
  12 sheep
  A hound zombie (D:5)
  A hound skeleton (D:7)
  A worker ant zombie (D:7)
  5 adders
  21 river rats
  2 adder zombies
  2 adder skeletons
  2 worms
  2 dart slugs
  2 giant geckos
  7 orcs
  2 giant cockroaches
  6 goblins
  6 hobgoblins
  5 jackals
  4 quokkas
  A ball python (D:5)
  5 bats
  3 giant newts
  2 kobolds (D:1)
  3 rats
  7 plants
329 creatures vanquished.

Vanquished Creatures (others)
  A fungus (Lair:3)
  A plant (Lair:2)
2 creatures vanquished.

Grand Total: 331 creatures vanquished

Notes
Turn   | Place    | Note
-------+----------+-------------------------------------------
     0 | D:1      | Ryco the Minotaur Berserker began the quest for the Orb.
     0 | D:1      | Reached XP level 1. HP: 19/19 MP: 0/0
    33 | D:2      | Reached skill level 4 in Axes
    33 | D:2      | Reached XP level 2. HP: 27/27 MP: 1/1
    89 | D:2      | Reached XP level 3. HP: 28/33 MP: 2/2
   218 | D:1      | Reached skill level 5 in Axes
   428 | D:2      | Found a bloodstained altar of Trog.
   428 | D:2      | Found a stormy altar of Qazlal.
   430 | D:2      | Found a basalt altar of Yredelemnul.
   430 | D:2      | Found an opulent altar of Gozag.
   431 | D:2      | Found a hide-covered altar of Uskayaw.
   431 | D:2      | Found an iron altar of Okawaru.
   510 | D:3      | Reached ** piety under Trog
   510 | D:3      | Reached XP level 4. HP: 40/40 MP: 3/3
   752 | D:3      | Found a burning altar of Makhleb.
   761 | D:3      | Reached skill level 6 in Axes
   770 | D:3      | Reached XP level 5. HP: 42/47 MP: 4/4
   804 | D:4      | Noticed an ogre
   806 | D:4      | Killed an ogre
   806 | D:4      | Reached skill level 5 in Fighting
   824 | D:5      | Entered Level 5 of the Dungeon
   864 | D:5      | Found Foenn's Antique Weapon Shoppe.
   924 | D:6      | Reached skill level 7 in Axes
   924 | D:6      | Reached XP level 6. HP: 55/56 MP: 5/5
   938 | D:6      | Found a staircase to the Ecumenical Temple.
   984 | D:7      | Noticed an orc warrior
  1011 | D:7      | Killed an orc warrior
  1024 | D:7      | Reached XP level 7. HP: 25/62 MP: 6/6
  1117 | D:9      | Reached skill level 8 in Axes
  1180 | D:9      | Gained mutation: Scrolls take you a little longer to read. [potion of mutation]
  1180 | D:9      | Gained mutation: You are agile. (Dex +2) [potion of mutation]
  1180 | D:9      | Gained mutation: You are very agile. (Dex +4) [potion of mutation]
  1229 | D:10     | Entered Level 10 of the Dungeon
  1257 | D:10     | Noticed a vampire mosquito
  1258 | D:10     | Noticed a vampire mosquito
  1264 | D:10     | Killed a vampire mosquito
  1310 | D:10     | Reached skill level 9 in Axes
  1334 | D:10     | Reached XP level 8. HP: 71/71 MP: 7/7
  1341 | D:10     | Gained mutation: Your movements are slightly less encumbered by armour. (ER -2) [mutagenic meat]
  1347 | D:10     | Gained mutation: You passively map a small area around you. [mutagenic meat]
  1391 | D:9      | Reached skill level 5 in Armour
  1423 | D:9      | Noticed Grum
  1598 | D:9      | Killed Grum
  1598 | D:9      | Reached skill level 10 in Axes
  1616 | D:9      | Found a sacrificial altar of Ru.
  1619 | D:8      | Found a shattered altar of Ashenzari.
  1712 | D:8      | Noticed a two-headed ogre
  1718 | D:8      | Killed a two-headed ogre
  1718 | D:8      | Reached *** piety under Trog
  2235 | D:6      | Reached skill level 11 in Axes
  2238 | D:6      | Reached XP level 9. HP: 80/80 MP: 8/8
  2321 | D:5      | Found Herupo's Distillery.
  2323 | D:5      | Found Qipofun's General Store.
  2533 | D:5      | Found Sutusyli's Magic Scroll Shoppe.
  2694 | D:4      | Noticed Eustachio
  2716 | D:4      | Killed Eustachio
  2879 | D:5      | Bought an ancient war axe for 204 gold pieces
  2879 | D:5      | Identified the +10 war axe of Righteous Fury {freeze, Stlth+} (You bought it in a shop on level 5 of the Dungeon)
  2948 | D:5      | Bought a scroll of teleportation for 36 gold pieces
  3006 | D:7      | Noticed Joseph
  3017 | D:7      | Killed Joseph
  3017 | D:7      | Reached skill level 12 in Axes
  3109 | D:9      | Found a blossoming altar of Fedhas.
  3345 | D:10     | Noticed a troll
  3351 | D:10     | Killed a troll
  3386 | D:10     | Found a staircase to the Lair.
  3405 | Lair:1   | Entered Level 1 of the Lair of Beasts
  3431 | Lair:1   | Reached **** piety under Trog
  3431 | Lair:1   | Reached skill level 13 in Axes
  3438 | Lair:1   | Reached XP level 10. HP: 42/90 MP: 9/9
  3443 | Lair:1   | Noticed a spiny frog
  3454 | Lair:1   | Killed a spiny frog
  3465 | Lair:1   | Upgraded the game from 0.19-a0-1225-gf887c1c to 0.19-a0-1238-gee6bd96
  3473 | Lair:1   | Noticed a spiny frog
  3476 | Lair:1   | Killed a spiny frog
  3479 | Lair:1   | Noticed Gastronok
  3497 | Lair:1   | Killed Gastronok
  3497 | Lair:1   | Reached skill level 14 in Axes
  3632 | Lair:3   | Reached skill level 15 in Axes
  3674 | Lair:3   | Reached XP level 11. HP: 64/99 MP: 10/10
  3711 | Lair:3   | Noticed a death yak
  3712 | Lair:3   | Noticed a death yak
  3712 | Lair:3   | Noticed a death yak
  3713 | Lair:3   | Noticed a death yak
  3717 | Lair:3   | Noticed a death yak
  3731 | Lair:3   | Killed a death yak
  3731 | Lair:3   | Reached skill level 10 in Fighting
  3733 | Lair:3   | Killed a death yak
  3741 | Lair:3   | Killed a death yak
  3741 | Lair:3   | Reached skill level 16 in Axes
  3744 | Lair:3   | Killed a death yak
  3748 | Lair:3   | Killed a death yak
  3780 | Lair:2   | Noticed a death yak
  3781 | Lair:2   | Noticed a death yak
  3782 | Lair:2   | Noticed a death yak
  3797 | Lair:2   | Reached skill level 10 in Armour
  3802 | Lair:2   | Noticed a death yak
  3803 | Lair:2   | Noticed a death yak
  3804 | Lair:2   | Noticed a death yak
  3807 | Lair:2   | Killed a death yak
  3813 | Lair:2   | Killed a death yak
  3814 | Lair:2   | Killed a death yak
  3815 | Lair:2   | Killed a death yak
  3817 | Lair:2   | Killed a death yak
  3820 | Lair:2   | Killed a death yak
  3820 | Lair:2   | Reached skill level 17 in Axes
  3820 | Lair:2   | Reached XP level 12. HP: 54/110 MP: 11/11
  4163 | Lair:5   | Noticed a five-headed hydra
  4173 | Lair:5   | Killed a five-headed hydra
  4305 | Lair:5   | Noticed a four-headed hydra
  4317 | Lair:5   | Killed a four-headed hydra
  4317 | Lair:5   | Reached skill level 18 in Axes
  4459 | Lair:6   | Entered Level 6 of the Lair of Beasts
  4459 | Lair:6   | Noticed a seven-headed hydra
  4473 | Lair:6   | Killed a seven-headed hydra
  4473 | Lair:6   | Reached skill level 1 in Maces & Flails
  4548 | Lair:6   | Noticed a five-headed hydra
  4556 | Lair:6   | Killed a five-headed hydra
  4849 | Lair:6   | Reached ***** piety under Trog
  4904 | Lair:6   | Reached XP level 13. HP: 105/122 MP: 12/12
  4912 | Lair:6   | Found a burning altar of Makhleb.
  5268 | Lair:6   | Found a gateway to Hell.
  5449 | Lair:6   | Reached skill level 19 in Axes
  6060 | Lair:3   | Found a staircase to the Snake Pit.
  6069 | Lair:3   | Reached skill level 15 in Fighting
  6163 | Lair:3   | Found a staircase to the Shoals.
  6170 | Lair:3   | HP: 5/126 [six-headed hydra (7)]
  6170 | Lair:3   | Slain by a six-headed hydra

Vault maps used:
D:1:      zaba_arrival_water, minmay_box_of_dots
D:2:      grunt_temple_overflow_open, serial_undead, serial_undead_d,
          serial_undead_d, serial_undead_c, serial_undead_e,
          kennysheep_cross_room
D:3:      makhleb_heckhound_becter, first_bread, kennysheep_generic_room_11
D:4:      uniq_eustachio
D:5:      serial_shops, nicolae_shop_window_shopping, kennysheep_mini_moat,
          kennysheep_mini, shop, grunt_ministairs_12
D:7:      nemelex_spade_bored_becter, uniq_joseph
D:8:      serial_shops, shop, evilmike_ruin_ashenzari
D:9:      lemuel_round_altar, nicolae_ru_awakened_eye, uniq_grum
D:10:     dpeg_oklobed_lair
Lair:1:   grunt_megastairs_5, uniq_gastronok
Lair:2:   minmay_guarded_unrand_snakebite, beast_lair_carwin_10,
          grunt_megastairs_3
Lair:3:   minmay_shoals_entry_beasts, guppyfry_snake_entry_garden,
          cheibrodos_lair_caveside_slide, serial_bayou_shore_a
Lair:4:   lemuel_fruit_fields
Lair:5:   wad_woods_04
Lair:6:   evil_forest, minmay_slime_entry_pillars, grunt_megastairs_1

Skill      XL: |  1  2  3  4  5  6  7  8  9 10 11 12 13 |
---------------+----------------------------------------+-----
Axes           | 4 5 6 7 9 11 13 15 17 18 19 | 19.3
Fighting       | 4 5 6 7 8 9 11 13 15 | 15.0
Armour         | 3 4 6 8 9 10 11 13 | 13.6
Maces & Flails | 2 |  2.0
Throwing       | |  0.4
Dodging        | |  2.1

Action                   |  1- 3 |  4- 6 |  7- 9 | 10-12 | 13-15 || total
-------------------------+-------+-------+-------+-------+-------++-------
Melee: Hand axe          |    72 |    83 |     3 |       |       ||   158
       Headbutt          |    10 |    16 |    44 |    89 |    51 ||   210
       Broad axe         |       |       |   136 |       |       ||   136
       War axe           |       |       |    53 |   221 |   217 ||   491
       Flail             |       |       |       |    26 |    20 ||    46
Throw: Tomahawk          |       |       |       |       |     2 ||     2
Invok: Berserk           |     1 |     2 |     3 |     3 |     2 ||    11
       Trog's Hand       |       |       |     3 |    11 |     4 ||    18
  Use: Scroll            |       |     4 |     6 |       |     7 ||    17
       Potion            |       |       |     1 |     2 |     1 ||     4
  Eat: Chunk             |       |     3 |    10 |    11 |     1 ||    25
       Pizza             |       |       |     4 |       |       ||     4
       Beef jerky        |       |       |     1 |       |       ||     1
       Fruit             |       |       |       |     1 |     2 ||     3
       Meat ration       |       |       |       |       |     1 ||     1
Armor: Animal skin       |    12 |       |       |       |       ||    12
       Chain mail        |     4 |    56 |     2 |       |       ||    62
       Plate armour      |       |       |   113 |   116 |   126 ||   355
Dodge: Dodged            |    54 |    48 |    83 |    73 |    88 ||   346
Block: Other             |       |       |     4 |     5 |    13 ||    22
